 Dungeon Crawl Stone Soup version 0.25.0-26-g0c896c7088 (webtiles) character file.

Game seed: 12332757760092635857

562 EWolf27 the Digger (level 7, -1/36 HPs)
             Began as a Gargoyle Earth Elementalist on July 5, 2020.
             Slain by Sigmund
             ... wielding a +1 scythe of freezing
              (2 damage)
             ... on level 6 of the Dungeon.
             The game lasted 00:23:49 (7706 turns).

EWolf27 the Digger (Gargoyle Earth Elementalist)    Turns: 7706, Time: 00:23:50

Health: -1/36      AC:  7    Str: 12    XL:     7   Next: 32%
Magic:  12/14      EV: 11    Int: 17    God:
Gold:   243        SH:  0    Dex: 10    Spells: 6/15 levels left

rFire    . . .     SeeInvis .   s - +1 flail (drain)
rCold    . . .     Gourm    .   (no shield)
rNeg     + . .     Faith    .   r - +0 leather armour
rPois    ∞         Spirit   .   (no helmet)
rElec    +         Reflect  .   (no cloak)
rCorr    .         Harm     .   (no gloves)
MR       .....                  (no boots)
Stlth    ++........             (no amulet)
HPRegen  0.12/turn              (no ring)
MPRegen  0.14/turn              (no ring)

@: no status effects
A: negative energy resistance 1, electricity resistance, unbreathing,
petrification resistance, rot immunity, AC +4
a: no special abilities


You were on level 6 of the Dungeon.
You were not hungry.

You visited 1 branch of the dungeon, and saw 6 of its levels.

You collected 243 gold pieces.

Inventory:

Hand Weapons
 a - a +1 whip of venom
 s - a +1 flail of draining (weapon)
Missiles
 b - 43 stones
 u - 25 poisoned darts (quivered)
Armour
 l - a +0 buckler
 r - a +0 leather armour (worn)
Jewellery
 e - an uncursed ring of positive energy
Wands
 x - a wand of disintegration (6)
Scrolls
 k - 2 scrolls of teleportation
 m - a scroll of remove curse
 n - 2 scrolls of fog
Potions
 d - a potion of stabbing
 g - a potion of mutation {unknown}
 h - a potion of resistance {unknown}
 i - a potion of invisibility {unknown}
 j - a potion of brilliance {unknown}
 o - a potion of curing {unknown}
 p - a potion of might {unknown}
 q - a potion of lignification {unknown}
 t - 3 potions of heal wounds
 v - a potion of cancellation {unknown}
Comestibles
 f - 9 rations
 w - 3 chunks of flesh


   Skills:
 - Level 2.2 Maces & Flails
 - Level 1.5 Dodging
 - Level 2.1 Stealth
 + Level 4.6 Spellcasting
 + Level 3.5 Conjurations
   Level 0.7 Transmutations
 + Level 6.0 Earth Magic


You had 6 spell levels left.
You knew the following spells:

 Your Spells              Type           Power        Failure   Level  Hunger
a - Sandblast             Erth           ###...       1%          1    None
b - Stone Arrow           Conj/Erth      ###...       8%          3    ###....
c - Lee's Rapid Deconstr  Erth           ###.......   41%         5    ######.

Your spell library contained the following spells:

 Spells                   Type           Power        Failure   Level  Hunger
 Passwall                 Tmut/Erth      ###.....     7%          2    ##.....
 Petrify                  Tmut/Erth      ###.....     43%         4    ####...


Dungeon Overview and Level Annotations

Branches:
Dungeon (6/15)
 Temple: D:4-7

Altars:
Ashenzari
Cheibriados
Fedhas
Qazlal

Shops:
D:5 %

Annotations:
D:6 Sigmund


Innate Abilities, Weirdness & Mutations

You are resistant to torment.
Your stone body is resilient. (AC +4)
You are immune to poison.
You resist negative energy. (rN+)
You are resistant to electric shocks. (rElec)
You can survive without breathing.
You are immune to petrification.
You are immune to rotting.


Message History

The blast of sand hits Sigmund.
Sigmund is almost dead.
b - 43 stones Sigmund gestures wildly while chanting.
Sigmund flickers and vanishes!
Deactivating autopickup; reactivate with Ctrl-A.
Casting: Sandblast (safe; 1% risk of failure)
Confirm with . or Enter, or press ? or * to list all spells.
You can't see any susceptible monsters within range! (Use Z to cast anyway.)
Something hits you. Something freezes you. Something hits you!
* * * LOW HITPOINT WARNING * * *
Something freezes you.
* * * LOW HITPOINT WARNING * * *
Something hits you but does no damage.
There is an open door here.
Something hits you.
* * * LOW HITPOINT WARNING * * *
Something freezes you.
You die...

#####
####...#############
.................>.#
######...###.......÷.#
#.........@'.........#.#
#......#####.........#.#
#...... #.........#.#
#...... #..".....##.#
#...... #........##.#
#...... #........##.#
#...... #........##.####
#.....! ######+#........
#.####.####


There were no monsters in sight!

Vanquished Creatures
  An ogre (D:4)
  Blork the orc (D:5)
  A howler monkey (D:5)
  2 crimson imps
  A hound (D:4)
  A centaur skeleton (D:4)
  Jessica (D:2)
  An iguana (D:6)
  3 gnolls (D:2)
  7 adders
  A shadow imp (D:5)
  An ooze (D:4)
  4 worms
  6 dart slugs
  A leopard gecko (D:3)
  An orc (D:3)
  A ball python (D:1)
  9 bats
  5 giant cockroaches
  4 goblins (D:1)
  10 hobgoblins
  6 jackals
  6 kobolds
  A quokka (D:4)
  7 frilled lizards
  A quokka skeleton (D:2)
  9 rats
92 creatures vanquished.

Notes
Turn   | Place    | Note
-------+----------+-------------------------------------------
     0 | D:1      | EWolf27 the Gargoyle Earth Elementalist began the quest for
                  | the Orb.
     0 | D:1      | Reached XP level 1. HP: 10/10 MP: 3/3
   432 | D:1      | Reached skill level 4 in Earth Magic
   432 | D:1      | Reached XP level 2. HP: 15/15 MP: 5/5
   923 | D:1      | Reached XP level 3. HP: 14/19 MP: 3/6
   970 | D:1      | Learned a level 3 spell: Stone Arrow
  2478 | D:2      | Reached skill level 1 in Conjurations
  2498 | D:2      | Reached XP level 4. HP: 18/24 MP: 8/8
  2756 | D:2      | Reached skill level 1 in Maces & Flails
  3227 | D:2      | Found a snail-covered altar of Cheibriados.
  3241 | D:2      | Noticed Jessica
  3258 | D:2      | Killed Jessica
  3258 | D:2      | Reached skill level 5 in Earth Magic
  3258 | D:2      | Reached XP level 5. HP: 24/28 MP: 5/9
  3352 | D:2      | Found a stormy altar of Qazlal.
  3354 | D:2      | Found a blossoming altar of Fedhas.
  3811 | D:2      | Learned a level 5 spell: Lee's Rapid Deconstruction
  3819 | D:2      | HP: 1/28 [gnoll/+0 spear (1)]
  5423 | D:4      | Noticed an ogre
  5431 | D:4      | Killed an ogre
  5431 | D:4      | Reached XP level 6. HP: 32/32 MP: 7/11
  5810 | D:4      | Found a shattered altar of Ashenzari.
  6475 | D:5      | Entered Level 5 of the Dungeon
  6487 | D:5      | Found Guiclei's Food Shoppe.
  6492 | D:5      | Noticed Blork the orc
  6496 | D:5      | Killed Blork the orc
  6496 | D:5      | Reached XP level 7. HP: 36/36 MP: 8/13
  7553 | D:6      | Reached skill level 6 in Earth Magic
  7694 | D:6      | Noticed Sigmund
  7706 | D:6      | HP: 1/36 [something (6)]
  7706 | D:6      | Slain by Sigmund

Illustrated notes

Levels and vault maps discovered:
D:1:      dpeg_arrival_connections, layout_basic, minmay_pentomino_o4
D:2:      minmay_general_purpose_star, layout_loops_ring,
          grunt_temple_overflow_forces_of_nature, kennysheep_slug_shrine,
          first_ration, uniq_jessica
D:3:      layout_basic
D:4:      layout_cave_pods, nicolae_overflow_hidden_temple
D:5:      layout_cave_pools, serial_shops, shop, uniq_blork_the_orc
D:6:      lemuel_ice_spiral_2, layout_basic, minmay_overflow_temple_hex,
          minmay_temple_entry_offerings, gammafunk_ghost_smash,
          chequers_serial_rivers_marsh, minmay_puff, uniq_sigmund

Skill      XL: |  1  2  3  4  5  6  7 |
---------------+----------------------+-----
Earth Magic    | 4 5 6 |  6.0
Conjurations   | 1 2 3 |  3.5
Maces & Flails | 1 2 |  2.2
Spellcasting   | 3 4 |  4.6
Dodging        | |  1.5
Stealth        | |  2.1
Transmutations | |  0.7

Action                   |  1- 3 |  4- 6 |  7- 9 || total
-------------------------+-------+-------+-------++-------
Melee: Whip              |   103 |    83 |       ||   186
       Unarmed           |     1 |       |       ||     1
       Flail             |       |    23 |    41 ||    64
Throw: Dart              |       |     3 |       ||     3
 Cast: Sandblast         |    17 |    34 |    17 ||    68
  Use: Scroll            |       |     8 |     3 ||    11
 Stab: Sleeping          |     3 |     1 |       ||     4
  Eat: Chunk             |     5 |     8 |       ||    13
       Ration            |       |     2 |     1 ||     3
Armor: Robe              |    34 |    35 |       ||    69
       Leather armour    |       |       |    15 ||    15
Dodge: Dodged            |    84 |    96 |    38 ||   218
